cohdb
Replays
Latest Replays
All Replays
Popular Replays
Top Player Replays
Match Explorer
How It Works
Community
CoH3 Stats
Reddit
Sign in to upload your games and track your stats! →
Sign in with Steam
Reakly vs F3riG
Match 22120858
Overview
Messages
Build Orders
End
Engineer Squad
Selects Armored Battlegroup
Selects Assault Engineers
Assault Engineer Squad
Assault Engineer Squad
Assault Engineer Squad
Mechanized Support Center
Construct Weapon Support Center
M16 Multiple Gun Motor Carriage
Selects Fast Deploy
Construct Medical Station
Bazooka Squad
Sniper
Bazooka Squad
Construct Tank Depot
Selects Seek and Destroy
Selects UNKNOWN (2160077)
M18 Hellcat Tank Destroyer
M1919 Machine Gun Team
M4A3E8 Sherman Easy Eight
Selects Field Repairs
Selects War Machine
Field Repairs
M4A3E8 Sherman Easy Eight
Seek and Destroy
Field Repairs
Rearm and Retrofit
Improvised Armor
Rapid Repairs
Reakly
F3riG
0
0
Comments
sign in to comment!
No comments posted yet!